 Dungeon Crawl Stone Soup version 0.31.0-12-g77e489cdc1 (webtiles) character file.

Game seed: 17073011389206218522

78992 Ruich the Reanimator (level 15, -3/48 (80) HPs)
             Began as a Felid Summoner on Feb 14, 2024.
             Was a Believer of Jiyva.
             Slain by a fire dragon simulacrum (6 damage)
             ... on level 14 of the Dungeon.
             The game lasted 02:14:34 (36719 turns).

Ruich the Reanimator (Felid Summoner)              Turns: 36719, Time: 02:14:35

HP:   -3/48 (80)    AC:  3    Str:  8    XL:     15   Next: 19%
MP:   18/31         EV: 25    Int: 21    God:    Jiyva [**....]
Gold: 2150          SH:  5    Dex: 21    Spells: 4/36 levels left
                                        Lives: 0   Deaths: 5

rFire   . . .        (weapon unavailable)
rCold   + + .        (shield unavailable)
rNeg    . . .        (body armour unavailable)
rPois   .            (helmet unavailable)
rElec   .            (cloak unavailable)
rCorr   +            (gloves unavailable)
SInv    +            (boots unavailable)
Will    +++..        g - amulet "Wagaong" {Reflect rC+ Dex+3 SH+5}
Stlth   +++++        W - ring of willpower
HPRegen 1.24/turn    Z - ring of wizardry
MPRegen 0.70/turn

%: reflection, wizardry (x1)
@: very heavily drained
A: very small, claws 1, fangs 3, see invisible, shaggy fur 3, stealthy paws, no
weapons or thrown items, no armour, multi-lived
a: Renounce Religion


You were on level 14 of the Dungeon.
You worshipped Jiyva.
Jiyva was pleased with you.
You visited 5 branches of the dungeon, and saw 27 of its levels.
You visited 1 bazaar.
You also visited: Bailey.

You collected 3326 gold pieces.
You spent 1176 gold pieces at shops.


Innate Abilities, Weirdness & Mutations

You have sharp claws.
You have razor-sharp teeth.
You have supernaturally acute eyesight. (SInv)
Your thick and shaggy fur keeps you warm. (AC +3, rC+)
Your paws help you pounce on unaware monsters.
You are incapable of wielding weapons or throwing items.
You cannot wear armour.
You gain extra lives every three experience levels.


   Skills:
 - Level 10.0 Fighting
 - Level 10.0 Dodging
 - Level 10.0 Stealth
 + Level 11.4 Spellcasting
 - Level 8.0 Hexes
 - Level 11.0 Summonings
 * Level 14.7 Necromancy
 - Level 5.0 Fire Magic
 - Level 5.0 Air Magic
 - Level 5.0 Evocations


You had 4 spell levels left.
You knew the following spells:

 Your Spells              Type           Power      Damage    Failure   Level
c - Call Canine Familiar  Summ           55%        N/A       1%          3
e - Martyr's Knell        Necr/Summ      60%        N/A       1%          4
h - Haunt                 Necr/Summ      30%        N/A       10%         7
l - Summon Lightning Spi  Summ/Air       45%        N/A       1%          4
v - Borgnjor's Vile Clut  Necr/Erth      21%        N/A       3%          5
x - Summon Blazeheart Go  Fire/Summ      45%        N/A       1%          4
z - Summon Small Mammal   Summ           100%       N/A       1%          1
X - Anguish               Hex/Necr       28%        N/A       1%          4

Your spell library contained the following spells:

 Spells                   Type           Power      Damage    Failure   Level
 Necrotise                Necr           100%       1d9       0%          1
 Kiss of Death            Conj/Necr      100%       2d13      1%          1
 Call Imp                 Summ           100%       N/A       1%          2
 Cigotuvi's Dreadful Rot  Necr/Alch/Air  78%        N/A       1%          2
 Ensorcelled Hibernation  Hex/Ice        56%        N/A       1%          2
 Static Discharge         Conj/Air       44%        3-5/arc   1%          2
 Dazzling Flash           Conj/Hex       56%        N/A       1%          3
 Fugue of the Fallen      Necr           65%        N/A       1%          3
 Summon Ice Beast         Ice/Summ       35%        N/A       1%          3
 Tukima's Dance           Hex            45%        N/A       1%          3
 Cause Fear               Hex            22%        N/A       1%          4
 Apportation              Tloc           22%        N/A       2%          1
 Freeze                   Ice            44%        1d6       2%          1
 Sting                    Conj/Alch      44%        1d5       2%          1
 Volatile Blastmotes      Fire/Tloc      44%        2d13      2%          3
 Airstrike                Air            16%        2d(3-19)  2%          4
 Frozen Ramparts          Ice            22%        1d4       7%          3
 Hailstorm                Conj/Ice       11%        3d6       7%          3
 Ozocubu's Armour         Ice            11%        N/A       7%          3
 Sticky Flame             Fire/Alch      22%        2d6       9%          4
 Fulminant Prism          Conj/Alch      5%         3d6       22%         4
 Iskenderun's Mystic Bla  Conj/Tloc      11%        2d4       22%         4
 Passage of Golubria      Tloc           11%        N/A       22%         4
 Curse of Agony           Necr           65%        N/A       1%          5
 Metabolic Englaciation   Hex/Ice        14%        N/A       12%         5
 Yara's Violent Unravell  Hex/Alch       14%        3d7       12%         5
 Borgnjor's Revivificati  Necr           32%        N/A       32%         8
 Infestation              Necr           32%        N/A       32%         8
 Irradiate                Conj/Alch      5%         3d13      50%         5
 Enfeeble                 Hex            22%        N/A       54%         7
 Sculpt Simulacrum        Ice/Alch       5%         N/A       96%         6
 Death's Door             Necr           32%        N/A       99%         9
 Fire Storm               Conj/Fire      11%        8d3       100%        9
 Dimensional Bullseye     Hex/Tloc       Unusable   N/A       N/A         4

Inventory:

Jewellery
 e - a +5 ring of evasion
 g - the amulet "Wagaong" (around neck) {Reflect rC+ Dex+3 SH+5}
   (You acquired it on level 5 of the Lair of Beasts)

   [amulet of reflection]

   Reflect:   It reflects blocked missile attacks.
   Dex+3:     It affects your dexterity (+3).
   rC+:       It protects you from cold.
   SH+5:      It affects your SH (+5).
 i - an amulet of faith {!P}
 s - a +6 ring of strength
 y - the ring of the Iron Devil {rPois rC+ Str+7 Dex+3}
   (You found it on level 12 of the Dungeon)

   [ring of poison resistance]

   Str+7:     It affects your strength (+7).
   Dex+3:     It affects your dexterity (+3).
   rC+:       It protects you from cold.
   rPois:     It protects you from poison
 C - a ring of ice
 E - a +5 ring of evasion
 F - a ring of protection from fire
 S - a +6 ring of strength
 T - a +4 ring of protection
 W - a ring of willpower (left paw)
 Z - a ring of wizardry (right paw)
Talismans
 I - a maw talisman
Wands
 f - a wand of roots (7)
 h - a wand of mindburst (39)
 k - a wand of acid (3)
 l - a wand of charming (20)
 r - a wand of flame (45)
Scrolls
 a - 9 scrolls of teleportation {@r2}
 b - 4 scrolls of immolation
 n - 2 scrolls of poison
 o - a scroll of revelation
 w - a scroll of vulnerability
 z - 3 scrolls of fog
 B - 3 scrolls of identify {@r1}
 H - a scroll of amnesia
 K - a scroll of blinking
Potions
 c - a potion of cancellation
 d - 4 potions of berserk rage {!q}
 j - 3 potions of attraction
 m - 4 potions of haste {@q3}
 p - a potion of heal wounds {@q2}
 q - 2 potions of enlightenment
 t - a potion of resistance
 u - 3 potions of might
 v - 3 potions of mutation
 x - 5 potions of brilliance
 D - 5 potions of curing {@q1}
 G - a potion of ambrosia
 J - a potion of lignification
Miscellaneous
 A - a box of beasts

Dungeon Overview and Level Annotations

Branches:
Dungeon (14/15)            Temple (1/1) D:4            Lair (5/5) D:10
  Swamp (0/4) Lair:2        Snake (0/4) Lair:3        Slime (5/5) Lair:5
    Orc (2/2) D:11            Elf (0/3) Orc:2        Bailey (visited)
 Vaults: D:13-14

Altars:
Ashenzari
Cheibriados
Dithmenos
Elyvilon
Fedhas
Gozag
Hepliaklqana
Kikubaaqudgha
Makhleb
Nemelex Xobeh
Okawaru
Qazlal
Ru
Sif Muna
Trog
Uskayaw
Vehumet
Wu Jian
Xom
Yredelemnul
Zin
The Shining One
Jiyva

Shops:
D:11 (   Orc:1 [   Orc:2 ((!=

Annotations:
D:14 exclusion: 2 meliai
Lair:4 3 runed translucent doors, biznut's ghost, journeyman SpEn
Slime:5 Royal Jelly

###..## #..#
########..#
#.........#
###...#####.#
###....yWW###.#
........)W...>#
###$..yZZ.#####
...(.:.@#.#
###.#..9#.# #
#####.# ..# ###


You could see a spectral meliai, 2 meliai, a fire dragon simulacrum (ally
target), 2 friendly freezing wraiths, a friendly blazeheart golem (summoned) and
a friendly wraith (summoned).


Message History

Your freezing wraith barely misses the meliai.
Your freezing wraith closely misses the meliai.
Casting: Haunt (extremely dangerous; 10% risk of failure)
Confirm with . or Enter, or press ? or * to list all spells.
A fiery spirit appears, bound in slag iron.
The meliai closely misses you.
The meliai barely misses your freezing wraith. x2
The meliai hits your wraith but does no damage.
The meliai barely misses you. The fire dragon simulacrum bites you.
The fire dragon simulacrum freezes you! You resist.
The fire dragon simulacrum claws you.
* * * LOW HITPOINT WARNING * * *
The fire dragon simulacrum freezes you. You resist.
* * * LOW HITPOINT WARNING * * *
The fire dragon simulacrum misses you.
Your freezing wraith hits the meliai.
Your freezing wraith freezes the meliai!!
The meliai dies!
Kikubaaqudha cackles.
Your freezing wraith barely misses the spectral meliai.
Your freezing wraith hits the spectral meliai!
Your wraith barely misses the spectral meliai.
A spectral meliai comes into view.
Unknown command.
The spectral meliai attacks as it pursues you!
The spectral meliai hits you.
* * * LOW HITPOINT WARNING * * *
The spectral meliai barely misses you. The fire dragon simulacrum bites you!
* * * LOW HITPOINT WARNING * * *
The fire dragon simulacrum freezes you. You resist.
You die...

Skill      XL: |  1  2  3  4  5  6  7  8  9 10 11 12 13 14 |
---------------+-------------------------------------------+-----
Spellcasting   | 3 4 5 6 7 9 11 | 11.4
Summonings     | 5 6 7 8 9 10 11 | 11.0
Fire Magic     | 1 2 3 4 5 |  5.0
Dodging        | 3 4 5 6 7 8 10 | 10.0
Stealth        | 3 4 5 7 9 10 | 10.0
Fighting       | 1 2 3 4 6 7 8 10 | 10.0
Air Magic      | 1 3 4 5 |  5.0
Necromancy     | 9 10 11 12 14 | 14.7
Hexes          | 4 8 |  8.0
Evocations     | 1 5 |  5.0

Action                     |  1- 3 |  4- 6 |  7- 9 | 10-12 | 13-15 || total
---------------------------+-------+-------+-------+-------+-------++-------
  Melee: Unarmed           |    33 |    54 |    15 |    33 |    76 ||   211
         Bite              |       |     6 |     3 |     2 |    17 ||    28
         Punch             |       |     2 |       |       |     1 ||     3
   Cast: Summon Small Mamm |    32 |    30 |    11 |    19 |    10 ||   102
         Call Canine Famil |     8 |    37 |     6 |    29 |    18 ||    98
         Summon Blazeheart |       |     4 |    29 |    70 |   166 ||   269
         Summon Lightning  |       |       |    20 |    29 |    55 ||   104
         Summon Ice Beast  |       |       |       |    20 |    10 ||    30
         Martyr's Knell    |       |       |       |     9 |     7 ||    16
         Anguish           |       |       |       |    13 |    30 ||    43
         Borgnjor's Vile C |       |       |       |       |    39 ||    39
         Haunt             |       |       |       |       |     9 ||     9
 Invoke: Receive Forbidden |       |       |       |       |     1 ||     1
  Evoke: Wand              |       |       |     2 |     9 |    15 ||    26
         Box of beasts     |       |       |       |     1 |     1 ||     2
    Use: Scroll            |       |     9 |    10 |    13 |    11 ||    43
         Potion            |       |       |     3 |     6 |     7 ||    16
   Stab: Distracted        |       |     2 |       |       |     1 ||     3
         Betrayed ally     |       |       |     1 |       |       ||     1
         Sleeping          |       |       |       |     1 |       ||     1
 Armour: Skin              |    31 |    31 |    29 |    74 |   185 ||   350
  Dodge: Dodged            |    64 |    92 |    68 |   237 |   431 ||   892
  Block: Other             |       |       |       |       |    59 ||    59
         Reflection        |       |       |       |       |     7 ||     7

Levels and vault maps discovered:
D:1:      nagdon_arrival_double_spiral, layout_basic,
          hellmonk_ecumenical_altar_blasted, patterned_corridor
D:2:      layout_loops_ring, basic_altar, minmay_misc_feat_square,
          kennysheep_generic_room_16
D:3:      layout_basic, minmay_misc_feat_rugged, skrybe_limestone_x,
          nicolae_elevator_lobby_plus
D:4:      layout_basic, minmay_temple_entry_overgrown
D:5:      layout_loops_ring, st_stairs_6, bh_walls_and_bars
D:6:      layout_loops_ring, serial_library_hellmonk_junction, kennysheep_nub
D:7:      layout_basic, serial_demonic, serial_demonic_b, serial_demonic_b,
          serial_demonic_d, serial_demonic_d, serial_demonic_e, serial_demonic_f
D:8:      layout_loops_ring, okawaru_trees_2, enter_bailey_2, uniq_maurice,
          uniq_maggie
D:9:      layout_rooms
D:10:     layout_stronghold, david_lair_shrubbed, hangedman_decor_lopped,
          minmay_misc_feat_plants, kennysheep_cross_bottleneck
D:11:     layout_basic, orc_david_3, eino_small_chamber_without_monster
D:12:     layout_loops_cross, uniq_gastronok, uniq_rupert
D:13:     layout_small_grid, serial_shops, bzr_entry_islet, minmay_bent
D:14:     layout_loops_ring, lightli_vaults_fourway_checkpoint, uniq_nessos,
          uniq_agnes
Temple:   compressed_dpeg_circular_temple
Lair:1:   layout_chaotic_city
Lair:2:   layout_gridlike, minmay_swamp_entry_worms, basic_altar, uniq_sonja,
          uniq_amaemon
Lair:3:   layout_roguey, nicolae_snake_entry_squirm, portal_ice_cave_entry_imps,
          uniq_urug
Lair:4:   layout_roguey, gammafunk_ghost_split, serial_bayou_pond_e
Lair:5:   evilmike_catoblepas_cave, layout_hall_layers,
          minmay_slime_entry_jelly_boxes, grunt_megastairs_5,
          serial_bayou_shore_b
Slime:1:  layout_caves
Slime:2:  layout_caves, cheibrodos_slime_lost_civilization_5
Slime:3:  layout_caves, cheibrodos_slime_lost_civilization_4
Slime:4:  cheibrodos_slime_lost_civilization_9, layout_caves
Slime:5:  slime_pit_nicolae_royal_road_to_ruin
Orc:1:    layout_caves, serial_shops, nicolae_shop_crystal, uniq_fannar
Orc:2:    hellmonk_orc_salted, layout_caves

Notes
Turn   | Place    | Note
-------+----------+-------------------------------------------
     0 | D:1      | Ruich the Felid Summoner began the quest for the Orb.
     0 | D:1      | Reached XP level 1. HP: 9/9 MP: 4/4
   135 | D:1      | Found a faded altar of an unknown god.
   165 | D:1      | Slain by a jackal
   165 | D:1      | Lost a life (0 lives remaining)
   305 | D:1      | Reached XP level 2. HP: 13/13 MP: 4/6
   744 | D:1      | Reached XP level 3. HP: 15/16 MP: 5/8
   751 | D:1      | Learned a level 3 spell: Call Canine Familiar
  1131 | D:2      | Reached skill level 3 in Spellcasting
  1378 | D:2      | Reached XP level 4. HP: 21/21 MP: 9/9
  1378 | D:2      | Gained a life (1 life remaining)
  1383 | D:2      | Learned a level 4 spell: Summon Blazeheart Golem
  1396 | D:2      | Found a stormy altar of Qazlal.
  1701 | D:2      | Reached skill level 5 in Summonings
  2056 | D:3      | Reached skill level 1 in Fire Magic
  2424 | D:3      | Got the Octavo of Thunder and the Torch
  2561 | D:3      | Reached XP level 5. HP: 24/24 MP: 4/11
  2958 | D:3      | Reached skill level 2 in Fire Magic
  3059 | D:3      | Reached skill level 4 in Spellcasting
  3059 | D:3      | Gained mutation: You are covered in thick fur. (AC +2)
                  | [Felid growth]
  3059 | D:3      | Reached XP level 6. HP: 22/28 MP: 5/13
  4202 | D:4      | Found a staircase to the Ecumenical Temple.
  4220 | Temple   | Entered the Ecumenical Temple
  4267 | Temple   | Became a worshipper of Kikubaaqudgha
  4350 | D:4      | Learned a level 4 spell: Summon Lightning Spire
  4908 | D:5      | Entered Level 5 of the Dungeon
  4921 | D:5      | Reached skill level 3 in Dodging
  4921 | D:5      | Reached skill level 3 in Stealth
  5205 | D:5      | Reached skill level 1 in Fighting
  5205 | D:5      | Reached XP level 7. HP: 33/33 MP: 9/14
  5205 | D:5      | Gained a life (2 lives remaining)
  5533 | D:5      | Reached skill level 1 in Air Magic
  5941 | D:6      | Identified the +1 robe of the Tanner {Harm rPois}
  6063 | D:6      | Reached skill level 6 in Summonings
  6279 | D:6      | Reached skill level 3 in Fire Magic
  6579 | D:6      | Reached * piety under Kikubaaqudgha
  6579 | D:6      | Received a gift from Kikubaaqudgha
  6746 | D:7      | Reached skill level 4 in Dodging
  6748 | D:7      | Reached skill level 2 in Fighting
  6748 | D:7      | Reached skill level 4 in Stealth
  6754 | D:7      | Reached XP level 8. HP: 38/39 MP: 5/16
  6785 | D:7      | Reached skill level 2 in Air Magic
  6933 | D:7      | Reached skill level 5 in Spellcasting
  6996 | D:7      | Reached skill level 3 in Fighting
  6996 | D:7      | Reached skill level 5 in Dodging
  6996 | D:7      | Reached skill level 5 in Stealth
  7012 | D:7      | Reached skill level 4 in Fire Magic
  7369 | D:8      | Found an iron altar of Okawaru.
  7370 | D:8      | Noticed Maggie
  7381 | D:8      | HP: 4/40 [Maggie/+0 glaive (8)]
  7390 | D:8      | Killed Maggie
  7391 | D:8      | Reached skill level 3 in Air Magic
  7391 | D:8      | Reached XP level 9. HP: 27/44 MP: 7/18
  7525 | D:8      | Found a flagged portal.
  7537 | Bailey   | Entered a bailey
  7715 | Bailey   | Noticed an orc knight
  7716 | Bailey   | Reached skill level 7 in Summonings
  7717 | Bailey   | Reached ** piety under Kikubaaqudgha
  7722 | Bailey   | Reached skill level 6 in Stealth
  7735 | Bailey   | Killed an orc knight
  7736 | Bailey   | Reached skill level 4 in Fighting
  7736 | Bailey   | Reached skill level 6 in Dodging
  8330 | Bailey   | Noticed a kobold demonologist
  8345 | Bailey   | Killed a kobold demonologist
  8346 | Bailey   | Reached skill level 6 in Spellcasting
  8346 | Bailey   | Reached skill level 4 in Air Magic
  8366 | Bailey   | Reached skill level 7 in Stealth
  8722 | Bailey   | Reached skill level 5 in Fire Magic
  8722 | Bailey   | Identified the +4 ring mail of the Guild-Master {^Contam
                  | Regen+ Dex+2}
  8767 | Bailey   | Found an iron altar of Okawaru.
  8795 | Bailey   | Reached skill level 9 in Necromancy
  8795 | Bailey   | Reached XP level 10. HP: 51/51 MP: 20/20
  8812 | Bailey   | Identified the +2 cloak of the Dungeon {rF+ Regen+ Slay+5}
  8851 | Bailey   | Reached skill level 7 in Dodging
  8993 | Bailey   | Noticed an orange demon
  8996 | Bailey   | Reached XP level 11. HP: 35/54 MP: 8/21
  9102 | Bailey   | Acquired 1221 gold pieces
 10072 | D:8      | Noticed Maurice
 10096 | D:8      | Killed Maurice
 10097 | D:8      | Reached skill level 5 in Fighting
 10239 | D:8      | Reached skill level 10 in Necromancy
 10254 | D:8      | Learned a level 3 spell: Summon Ice Beast
 10993 | D:9      | Reached *** piety under Kikubaaqudgha
 10993 | D:9      | Received a gift from Kikubaaqudgha
 11001 | D:9      | Learned a level 4 spell: Martyr's Knell
 11760 | D:10     | Entered Level 10 of the Dungeon
 12315 | D:10     | You fall into a shaft and drop 2 floors!
 12369 | D:11     | Reached skill level 8 in Stealth
 12531 | D:10     | Reached skill level 8 in Summonings
 12699 | D:10     | Found a staircase to the Lair.
 12713 | D:10     | Reached skill level 8 in Dodging
 12735 | D:10     | Learned a level 4 spell: Anguish
 12764 | Lair:1   | Entered Level 1 of the Lair of Beasts
 12802 | Lair:1   | Reached skill level 1 in Hexes
 12802 | Lair:1   | Reached skill level 5 in Air Magic
 13184 | Lair:1   | Reached skill level 2 in Hexes
 13828 | Lair:2   | Reached skill level 3 in Hexes
 13863 | Lair:2   | Noticed Sonja
 13868 | Lair:2   | Killed Sonja
 14032 | Lair:2   | You fall into a shaft and drop 2 floors!
 14273 | Lair:2   | Noticed Amaemon
 14273 | Lair:2   | Noticed a five-headed hydra
 14403 | Lair:2   | Reached **** piety under Kikubaaqudgha
 14404 | Lair:2   | Reached skill level 6 in Fighting
 14404 | Lair:2   | Reached skill level 4 in Hexes
 14416 | Lair:2   | Killed a five-headed hydra
 14417 | Lair:2   | Reached skill level 9 in Stealth
 14417 | Lair:2   | Reached skill level 7 in Spellcasting
 14417 | Lair:2   | Gained mutation: Your thick and shaggy fur keeps you warm.
                  | (AC +3, rC+) [Felid growth]
 14417 | Lair:2   | Reached XP level 12. HP: 61/61 MP: 10/23
 14631 | Lair:2   | Reached skill level 5 in Hexes
 15179 | Lair:2   | Killed Amaemon
 15361 | Lair:2   | Identified a potion of resistance
 15424 | Lair:2   | Noticed a four-headed hydra
 15427 | Lair:2   | Noticed a seven-headed hydra
 15431 | Lair:2   | Killed a four-headed hydra
 15432 | Lair:2   | Reached skill level 9 in Dodging
 15432 | Lair:2   | Reached skill level 6 in Hexes
 15446 | Lair:1   | Killed a seven-headed hydra
 16089 | Lair:2   | Found a staircase to the Swamp.
 16216 | Lair:2   | Found a blossoming altar of Fedhas.
 16448 | Lair:3   | Reached skill level 7 in Hexes
 16474 | Lair:3   | Reached skill level 10 in Stealth
 16482 | Lair:3   | Noticed Urug
 16492 | Lair:3   | Killed Urug
 16500 | Lair:3   | Reached skill level 9 in Summonings
 16663 | Lair:3   | Reached skill level 7 in Fighting
 16663 | Lair:3   | Reached skill level 8 in Hexes
 16741 | Lair:3   | Noticed a boulder beetle
 16756 | Lair:3   | Killed a boulder beetle
 16757 | Lair:3   | Reached skill level 1 in Evocations
 16783 | Lair:3   | Reached skill level 11 in Necromancy
 17102 | Lair:3   | Found a staircase to the Snake Pit.
 17167 | Lair:3   | Reached ***** piety under Kikubaaqudgha
 17206 | Lair:3   | Identified the +4 long sword of Certain Death {protect,
                  | Will+}
 18006 | Lair:4   | Reached skill level 10 in Dodging
 18006 | Lair:4   | Reached XP level 13. HP: 67/67 MP: 16/25
 18029 | Lair:4   | Reached skill level 2 in Evocations
 18691 | Lair:4   | Noticed biznut's ghost (journeyman SpEn)
 18694 | Lair:4   | Found a runed translucent gate.
 18694 | Lair:4   | Found a runed translucent gate.
 18694 | Lair:4   | Found a runed translucent gate.
 19001 | Lair:4   | HP: 2/67 [catoblepas (20)]
 19005 | Lair:4   | Mangled by a catoblepas
 19005 | Lair:4   | Lost a life (1 life remaining)
 19016 | Lair:4   | Reached skill level 8 in Spellcasting
 19225 | Lair:5   | Entered Level 5 of the Lair of Beasts
 19508 | Lair:5   | Reached skill level 3 in Evocations
 20704 | Lair:5   | Reached skill level 8 in Fighting
 20819 | Lair:5   | Reached skill level 4 in Evocations
 21415 | Lair:5   | Reached skill level 10 in Summonings
 21663 | Lair:5   | Acquired the amulet "Wagaong" {Reflect rC+ Dex+3 SH+5}
 21712 | Lair:5   | Found a viscous altar of Jiyva.
 21713 | Lair:5   | Found a staircase to the Slime Pits.
 22320 | Lair:5   | Reached skill level 5 in Evocations
 22544 | Lair:5   | Reached skill level 12 in Necromancy
 22547 | Lair:5   | Reached skill level 9 in Spellcasting
 23325 | D:10     | Got the Lessons on Luminous Distance
 24423 | D:11     | Reached ****** piety under Kikubaaqudgha
 24440 | D:11     | HP: 6/70 [cloud of flame (25)]
 24656 | D:11     | Reached XP level 14. HP: 49/74 MP: 15/28
 24656 | D:11     | Gained a life (2 lives remaining)
 24742 | D:11     | Received a gift from Kikubaaqudgha (forbidden knowledge)
 24798 | D:11     | Found a staircase to the Orcish Mines.
 24936 | D:11     | Found Reket's Weapon Boutique.
 25150 | Orc:1    | Entered Level 1 of the Orcish Mines
 25150 | Orc:1    | Noticed Fannar
 25150 | Orc:1    | Found Opeguz's Antique Armour Emporium.
 25172 | Orc:1    | Killed Fannar
 25173 | Orc:1    | Reached skill level 9 in Fighting
 25375 | Orc:2    | Entered Level 2 of the Orcish Mines
 26084 | Orc:2    | Found a staircase to the Elven Halls.
 26465 | Orc:1    | Noticed an orc warlord
 26866 | Orc:1    | Killed an orc warlord
 28641 | Orc:2    | HP: 6/75 [orc knight/+0 war axe (14)]
 28648 | Orc:2    | Reached skill level 11 in Summonings
 29887 | Orc:2    | Reached skill level 10 in Spellcasting
 29893 | Orc:2    | Learned a level 5 spell: Borgnjor's Vile Clutch
 30411 | Orc:2    | Reached skill level 10 in Fighting
 30591 | Orc:2    | Reached skill level 13 in Necromancy
 31472 | Orc:2    | Noticed an orc warlord
 31496 | Orc:2    | Killed an orc warlord
 31683 | Orc:2    | Found Udeupp's Jewellery Boutique.
 31700 | Orc:2    | Found Zadati's Antique Weapon Shoppe.
 31702 | Orc:2    | Found Biskorgh's Antique Weapon Shoppe.
 31729 | Orc:2    | Found Ysmasy's Distillery.
 32239 | Orc:2    | Bought a potion of haste for 120 gold pieces
 32239 | Orc:2    | Bought a potion of brilliance for 48 gold pieces
 32239 | Orc:2    | Bought a potion of heal wounds for 60 gold pieces
 32239 | Orc:2    | Bought a potion of curing for 36 gold pieces
 32239 | Orc:2    | Bought a potion of enlightenment for 60 gold pieces
 32239 | Orc:2    | Bought 2 potions of curing for 72 gold pieces
 32239 | Orc:2    | Bought a potion of ambrosia for 96 gold pieces
 32310 | Orc:2    | Learned a level 7 spell: Haunt
 32505 | Lair:5   | Fell from the grace of Kikubaaqudgha
 32505 | Lair:5   | Became a worshipper of Jiyva Juthriuc the Shapeless
 32508 | Slime:1  | Entered Level 1 of the Pits of Slime
 32509 | Slime:1  | Noticed a quicksilver ooze
 32510 | Slime:1  | Noticed a quicksilver ooze
 32514 | Slime:1  | Noticed a quicksilver ooze
 32515 | Slime:1  | Noticed a rockslime
 32519 | Slime:1  | Noticed an acid blob
 32547 | Slime:1  | Noticed a quicksilver ooze
 32721 | Slime:2  | Noticed a formless jellyfish
 32721 | Slime:2  | Noticed a formless jellyfish
 32721 | Slime:2  | Noticed a formless jellyfish
 32721 | Slime:2  | Noticed an acid blob
 32723 | Slime:2  | Noticed a quicksilver ooze
 32726 | Slime:2  | Noticed an azure jelly
 32757 | Slime:2  | Noticed an acid blob
 32808 | Slime:2  | Noticed an azure jelly
 33074 | Slime:3  | Noticed an azure jelly
 33098 | Slime:3  | Noticed an acid blob
 33124 | Slime:3  | Noticed an azure jelly
 33146 | Slime:3  | Noticed a quicksilver ooze
 33178 | Slime:3  | Noticed an azure jelly
 33335 | Slime:4  | Noticed an azure jelly
 33352 | Slime:4  | Noticed a quicksilver ooze
 33375 | Slime:4  | Noticed a rockslime
 33383 | Slime:4  | Noticed a quicksilver ooze
 33385 | Slime:4  | Noticed an acid blob
 33398 | Slime:4  | Noticed a rockslime
 33414 | Slime:4  | Noticed a quicksilver ooze
 33418 | Slime:4  | Noticed a quicksilver ooze
 33447 | Slime:4  | Noticed an acid blob
 33462 | Slime:4  | Noticed an acid blob
 33584 | Slime:4  | Noticed a rockslime
 33685 | Slime:5  | Entered Level 5 of the Pits of Slime
 33717 | Slime:5  | Noticed a quicksilver ooze
 33738 | Slime:5  | Noticed a rockslime
 33741 | Slime:5  | Noticed a rockslime
 33794 | Slime:5  | Noticed an acid blob
 33794 | Slime:5  | Noticed an acid blob
 33797 | Slime:5  | Noticed an azure jelly
 33804 | Slime:5  | Noticed an acid blob
 33815 | Slime:5  | Noticed an acid blob
 33816 | Slime:5  | Noticed a rockslime
 33820 | Slime:5  | Noticed an azure jelly
 33831 | Slime:5  | Noticed an acid blob
 33832 | Slime:5  | Noticed an acid blob
 33835 | Slime:5  | Noticed the Royal Jelly
 33837 | Slime:5  | Noticed a rockslime
 33847 | Slime:5  | Found a viscous altar of Jiyva.
 33890 | Slime:5  | Noticed an acid blob
 34248 | D:12     | Noticed Gastronok
 34270 | D:12     | Killed Gastronok
 34491 | D:12     | Identified the ring of the Iron Devil {rPois rC+ Str+7
                  | Dex+3}
 35106 | D:12     | Noticed Rupert
 35121 | D:12     | Killed Rupert
 35265 | D:13     | Found a flickering gateway to a bazaar.
 35275 | Bazaar   | Entered a bazaar
 35275 | Bazaar   | Found Sozoll's Armour Shoppe.
 35275 | Bazaar   | Found Cuamesyc's Weapon Emporium.
 35276 | Bazaar   | Found Tuleneol's Weapon Shoppe.
 35276 | Bazaar   | Found Ahong's Distillery.
 35277 | Bazaar   | Reached * piety under Jiyva
 35313 | Bazaar   | Bought a potion of curing for 54 gold pieces
 35313 | Bazaar   | Bought a potion of might for 72 gold pieces
 35313 | Bazaar   | Bought a potion of lignification for 54 gold pieces
 35313 | Bazaar   | Bought 2 potions of haste for 360 gold pieces
 35313 | Bazaar   | Bought a potion of heal wounds for 90 gold pieces
 35313 | Bazaar   | Bought a potion of curing for 54 gold pieces
 35416 | D:13     | Slain by a catoblepas zombie
 35416 | D:13     | Lost a life (1 life remaining)
 35434 | D:13     | Reached skill level 14 in Necromancy
 35467 | D:13     | Reached skill level 11 in Spellcasting
 35728 | D:13     | Reached ** piety under Jiyva
 35734 | D:13     | Reached XP level 15. HP: 80/80 MP: 25/31
 35734 | D:13     | Gained a life (2 lives remaining)
 35925 | D:13     | HP: 4/80 [centaur warrior/arrow (27)]
 35929 | D:13     | Slain by a centaur warrior simulacrum
 35929 | D:13     | Lost a life (1 life remaining)
 36602 | D:14     | Hit by a large rock thrown by a cyclops
 36602 | D:14     | Lost a life (0 lives remaining)
 36719 | D:14     | HP: 3/48 [fire dragon simulacrum (11)]
 36719 | D:14     | Slain by a fire dragon simulacrum

Vanquished Creatures
  Rupert (D:12)
  Gastronok (D:12)
  2 orc warlords
  3 ettins
  Fannar (Orc:1)
  5 hydras
  4 catoblepae
  3 two-headed ogres (Orc:2)
  A centaur warrior (D:13)
  3 death yaks (Lair:5)
  Urug (Lair:3)
  A tengu warrior (D:13)
  An orc high priest (Orc:2)
  Sonja (Lair:2)
  A skyshark (Lair:4)
  13 orc knights
  2 ugly things (D:13)
  4 manticores
  Maurice (D:8)
  7 elephants
  3 cyclopes
  A kobold blastminer (Orc:2)
  4 cane toads
  An orange demon (Lair:2)
  A cane toad (shapeshifter) (D:13)
  An unseen horror (D:11)
  Maggie (D:8)
  A freezing wraith (D:13)
  10 komodo dragons
  2 rime drakes (Lair:3)
  A harpy zombie (D:13)
  4 trolls
  2 tyrant leeches (Lair:2)
  3 blink frogs (Lair:3)
  2 polar bears
  5 saltlings (Orc:2)
  A shadow (D:13)
  3 vampires
  21 yaks
  A wraith (D:11)
  3 wyverns
  3 wargs (Orc:2)
  A naga (Lair:3)
  6 water moccasins
  18 orc warriors
  An ice beast (D:8)
  A black bear (D:7)
  5 centaurs
  A laughing skull (D:13)
  An ogre (Orc:1)
  3 wolves (Lair:1)
  A gnoll sergeant (D:13)
  A bullfrog (D:6)
  A wight (D:7)
  A killer bee (D:8)
  5 electric eels (Bailey)
  2 orc priests (Orc:2)
  7 jellies
  A gnoll bouda (D:6)
  4 orc wizards
  2 hell rats (Lair:1)
  5 gnolls
  4 shadow imps (D:7)
  6 white imps
  An ufetubus (D:3)
  20 orcs
  A ball python (D:3)
  2 bats (D:1)
  An endoplasm (D:1)
  4 goblins
  A hobgoblin (D:2)
  A jackal (D:1)
  A quokka (D:3)
  A frilled lizard (D:1)
240 creatures vanquished.

Vanquished Creatures (collateral kills)
  A fire dragon (D:14)
  A vault guard (D:14)
  A catoblepas (D:13)
  A boulder beetle (Lair:3)
  Amaemon (Lair:2)
  A harpy (shapeshifter) (D:13)
  An orc knight (Orc:2)
  An ugly thing (D:13)
  A cyclops (D:14)
  A meliai (D:14)
  A manticore (D:11)
  A black mamba (Lair:5)
  2 kobold demonologists (Bailey)
  3 cane toads
  A rime drake (Lair:3)
  A catoblepas zombie (D:13)
  A komodo dragon (D:10)
  2 efreet (D:14)
  2 trolls
  6 saltlings (Orc:2)
  4 blink frogs (Lair:5)
  13 yaks
  A shadow (D:9)
  2 wraiths
  3 wyverns
  A warg (Orc:2)
  3 basilisks
  3 vampire mosquitoes (D:11)
  2 acid dragons
  A swamp worm (Lair:2)
  10 water moccasins
  19 orc warriors
  A laughing skull (D:13)
  7 centaurs
  3 wolves (Lair:1)
  3 ogres
  3 nameless horrors
  A gnoll sergeant (D:9)
  6 bullfrogs
  A scorpion (D:7)
  10 wights
  5 killer bees
  An electric eel (Bailey)
  4 centaur zombies
  A quasit (D:7)
  10 jellies
  14 orc priests
  2 hounds (D:5)
  3 sleepcaps
  4 iguanas
  9 orc wizards
  2 hell rats (Lair:1)
  17 gnolls
  8 adders
  2 shadow imps
  9 white imps
  4 ufetubi
  A dart slug (D:3)
  2 ribbon worms
  44 orcs
  5 bats
  4 endoplasms
  4 giant cockroaches
  11 goblins
  16 hobgoblins
  9 jackals
  2 quokkas (D:2)
  10 ball pythons
  A frilled lizard (D:2)
  6 kobolds
  5 rats
342 creatures vanquished.

Vanquished Creatures (others)
  2 hydras (Lair:5)
  2 centaur warriors (D:13)
  A two-headed ogre (D:12)
  An elephant (Lair:5)
  2 black mambas
  A cane toad (Lair:4)
  A rime drake (Lair:4)
  A komodo dragon (Lair:3)
  7 slime creatures
  A troll (Orc:2)
  A vampire (D:9)
  2 yaks (Lair:5)
  2 nagas (Lair:3)
  4 wolves (Lair:1)
  A centaur (D:13)
  2 bullfrogs (Lair:4)
  A howler monkey (D:14)
  An orc priest (Orc:2)
  34 jellies
  A centaur zombie (D:13)
  A white imp (Lair:3)
  An orc (D:3)
  182 blazeheart cores
252 creatures vanquished.

Grand Total: 834 creatures vanquished

Table legend: (Time is in decaauts)
 A = Elapsed time spent in this place.
 B = Non-inter-level travel time spent in this place.
 C = Inter-level travel time spent in this place.
 D = Time resting spent in this place.
 E = Time spent auto-exploring this place.
 F = Levels seen in this place.
 G = Mean time per level.
                   A        B        C        D        E       F      G
               +--------+--------+--------+--------+--------+-----+--------+
         Total |  36782 |  35524 |   1258 |  16406 |   9810 |  29 | 1268.3 |
       Dungeon |  15282 |  14703 |    579 |   4264 |   6106 |  14 | 1091.6 |
        Temple |     61 |     61 |      0 |     30 |      0 |   1 |   61.0 |
          Lair |  10704 |  10290 |    414 |   5781 |   1977 |   5 | 2140.8 |
    Slime Pits |   1433 |   1293 |    140 |      0 |   1223 |   5 |  286.6 |
  Orcish Mines |   7195 |   7070 |    125 |   4924 |    351 |   2 | 3597.5 |
        Bazaar |     48 |     48 |      0 |      0 |      0 |   1 |   48.0 |
        Bailey |   2054 |   2054 |      0 |   1407 |    152 |   1 | 2054.0 |
               +--------+--------+--------+--------+--------+-----+--------+

Top non-repeatable levels by time:
   Orc:2: 5278 daAuts
  Lair:5: 2924 daAuts
  Lair:4: 2559 daAuts
  Bailey: 2054 daAuts
  Lair:2: 2010 daAuts
     D:3: 1962 daAuts
   Orc:1: 1917 daAuts
  Lair:1: 1738 daAuts
  Lair:3: 1471 daAuts
     D:8: 1458 daAuts
    D:10: 1455 daAuts
    D:11: 1378 daAuts
    D:12: 1275 daAuts
    D:13: 1098 daAuts
     D:1: 1059 daAuts

Table legend:
 A = Non-vault XP
 B = Vault XP
 C = Vault XP percentage of total XP
 D = Non-vault monster count
 E = Vault monster count
 F = Vault count percentage of total count
                 A         B        C        D         E       F
            +---------+---------+-------+---------+---------+-------
      Total |   60087 |   47392 |  44.1 |     412 |     188 |  31.3
            +---------+---------+-------+---------+---------+-------
        D:1 |      48 |       0 |   0.0 |      29 |       0 |   0.0
        D:2 |      95 |       6 |   5.9 |      21 |       3 |  12.5
        D:3 |     351 |       0 |   0.0 |      34 |       0 |   0.0
        D:4 |     112 |       0 |   0.0 |      13 |       0 |   0.0
        D:5 |     239 |      27 |  10.2 |      12 |       2 |  14.3
        D:6 |     305 |       0 |   0.0 |      11 |       0 |   0.0
        D:7 |    1144 |     139 |  10.8 |      12 |      10 |  45.5
        D:8 |    1428 |     899 |  38.6 |      22 |       2 |   8.3
        D:9 |     942 |       0 |   0.0 |      16 |       0 |   0.0
       D:10 |    1470 |     542 |  26.9 |      11 |       2 |  15.4
       D:11 |    2877 |     145 |   4.8 |      19 |       6 |  24.0
       D:12 |    2443 |    3285 |  57.3 |      12 |       2 |  14.3
       D:13 |    7798 |    4000 |  33.9 |      24 |       8 |  25.0
       D:14 |    1758 |    2104 |  54.5 |       4 |       4 |  50.0
     Lair:1 |    3148 |       0 |   0.0 |      19 |       0 |   0.0
     Lair:2 |    5513 |    2710 |  33.0 |      12 |       6 |  33.3
     Lair:3 |    7293 |    1408 |  16.2 |      25 |      16 |  39.0
     Lair:4 |    5298 |       0 |   0.0 |      14 |       0 |   0.0
     Lair:5 |    9345 |   10647 |  53.3 |      34 |      38 |  52.8
      Orc:1 |    5275 |     904 |  14.6 |      34 |       1 |   2.9
      Orc:2 |    3205 |   17484 |  84.5 |      34 |      47 |  58.0
     Bailey |       0 |    3092 | 100.0 |       0 |      41 | 100.0
            +---------+---------+-------+---------+---------+-------
